 Dungeon Crawl Stone Soup version 0.31-a0-1549-g5ff9445e89 (webtiles) character file.

Game seed: 1738246921491938115

837 djent the Conjurer (level 7, -13/43 (46) HPs)
             Began as a Human Air Elementalist on Jan 2, 2024.
             Mangled by an ogre
             ... wielding a +0 giant spiked club
              (37 damage)
             ... on level 5 of the Dungeon.
             The game lasted 00:27:43 (4932 turns).

djent the Conjurer (Human Air Elementalist)         Turns: 4932, Time: 00:27:46

HP:   -13/43 (46)   AC:  6    Str:  8    XL:     7   Next: 99%
MP:   10/12         EV: 12    Int: 18    God:
Gold: 186           SH:  0    Dex: 15    Spells: 10/13 levels left

rFire   + . .        n - +1 dagger (speed)
rCold   . . .        (no shield)
rNeg    . . .        B - +2 robe {rC+}
rPois   .            (no helmet)
rElec   +            s - +0 cloak
rCorr   .            x - +0 pair of gloves
SInv    .            (no boots)
Will    .....        (no amulet)
Stlth   ++++         q - ring of Vonem {Fire rElec Dex+2 Stlth+, yooooo}
HPRegen 0.27/turn    (no ring)
MPRegen 0.13/turn

%: no passive effects
@: drained
A: explore regen
a: no special abilities


You were on level 5 of the Dungeon.
You visited 1 branch of the dungeon, and saw 5 of its levels.
You also visited: Ossuary.

You collected 186 gold pieces.

Inventory:

Hand Weapons
 n - a +1 dagger of speed (weapon)
 p - a +3 quarterstaff
Missiles
 d - a boomerang (quivered)
 e - 16 stones
Armour
 s - a +0 cloak (worn)
 x - a +0 pair of gloves (worn)
 B - a +2 robe of cold resistance (worn)
Jewellery
 q - the ring of Vonem (left hand) {Fire rElec Dex+2 Stlth+, yooooo}
   (You found it on level 4 of the Dungeon)

   [ring of fire]

   Fire:      It enhances your fire magic.
   Dex+2:     It affects your dexterity (+2).
   rF+:       It protects you from fire.
   rC-:       It makes you vulnerable to cold.
   rElec:     It insulates you from electricity.
   Stlth+:    It makes you more stealthy.
 t - a ring of resist corrosion
 z - an amulet of magic regeneration
Talismans
 w - a granite talisman
Scrolls
 c - 3 scrolls of identify
 f - 3 scrolls of teleportation {unknown}
 i - a scroll of fear {unknown}
 m - 2 scrolls of enchant armour {unknown}
 o - 2 scrolls of blinking {unknown}
 r - a scroll of vulnerability {unknown}
 v - a scroll of enchant weapon {unknown}
 y - 2 scrolls of amnesia {unknown}
Potions
 g - 3 potions of haste
 h - a potion of enlightenment
 j - 6 potions of curing
 k - a potion of degeneration
 l - a potion of brilliance
 u - a potion of attraction {unknown}
 A - a potion of heal wounds {unknown}


   Skills:
 - Level 2.0 Dodging
 + Level 4.6 Stealth
 + Level 3.9 Spellcasting
 * Level 5.5 Conjurations
 + Level 4.8 Air Magic


You had 10 spell levels left.
You knew the following spells:

 Your Spells              Type           Power      Damage    Failure   Level
a - Shock                 Conj/Air       88%        1d8       1%          1
b - Static Discharge      Conj/Air       44%        3-5/arc   2%          2

Your spell library contained the following spells:

 Spells                   Type           Power      Damage    Failure   Level
 Swiftness                Air            21%        N/A       6%          3
 Airstrike                Air            10%        2d(2-18)  21%         4
 Ensorcelled Hibernation  Hex/Ice        6%         N/A       22%         2
 Fugue of the Fallen      Necr           3%         N/A       41%         3
 Anguish                  Hex/Necr       1%         N/A       83%         4


Dungeon Overview and Level Annotations

Branches:
Dungeon (5/15)            Ossuary (visited)
 Temple: D:4-7

Altars:
Elyvilon
Fedhas
Okawaru
Ru
Trog
The Shining One

Shops:
D:1 *   D:5 (:

Annotations:
D:3 exclusions: 2 gnolls and 4 more exclusions
D:4 Eustachio
D:5 exclusions: bombardier beetle, 2 gnolls and gnoll bouda, Dowan, Duvessa, Ijyb


Innate Abilities, Weirdness & Mutations

You regain HP and MP as you explore.


Message History

The wight is heavily damaged.
You resist.
You are struck by an arc of lightning.
The wight is struck by an arc of lightning.
The wight is severely damaged.
You resist.
You are struck by an arc of lightning.
The lightning grounds out.
The wight barely misses you.
Casting: Static Discharge (safe; 2% risk of failure)
Confirm with . or Enter, or press ? or * to list all spells.
The wight is struck by an arc of lightning.
The wight is almost destroyed.
You are struck by an arc of lightning.
The wight is struck by an arc of lightning.
The wight is almost destroyed.
You resist.
You are struck by an arc of lightning.
The wight hits you with a +0 mace!
You feel drained.
Casting: Static Discharge (safe; 2% risk of failure)
Confirm with . or Enter, or press ? or * to list all spells.
The ogre is struck by an arc of lightning.
The ogre is lightly wounded.
You resist.
You are struck by an arc of lightning.
The wight is struck by an arc of lightning.
You destroy the wight!
The lightning grounds out.
The ogre closely misses you.
Casting: Static Discharge (safe; 2% risk of failure)
Confirm with . or Enter, or press ? or * to list all spells.
The ogre is struck by an arc of lightning.
The ogre is moderately wounded.
You are struck by an arc of lightning.
The ogre is struck by an arc of lightning.
The ogre is heavily wounded.
The lightning grounds out.
The ogre barely misses you. Magic courses through your body.
Casting: Static Discharge (safe; 2% risk of failure)
Confirm with . or Enter, or press ? or * to list all spells.
The ogre is struck by an arc of lightning.
The ogre is severely wounded.
You are struck by an arc of lightning.
The ogre hits you with a +0 giant spiked club!!!
Ouch! That really hurt!
You die...

##..###'###.###'###..........
##...##.##...##.##...........
#.....###.....###.............
#......#.......#..............
#.......###'###...............
#........##.##.................
##.........###..................
##[..........#..)O...............
#..##..........#@................
..#####..........................
### ##.####...................# #
### ###.................#
#.#..............#
#####.##.............#
##.....####..........## #..#.###
##........## #.##.## #.##.....#


You could see an ogre.

Vanquished Creatures
  An ogre (D:5)
  Blork the orc (D:5)
  2 scorpions
  2 wights (D:5)
  4 hounds
  A human zombie (Ossuary)
  A jelly (D:5)
  2 iguanas (D:5)
  5 mummies
  A gnoll (D:5)
  5 adders
  3 white imps (D:5)
  4 adder zombies (Ossuary)
  A ribbon worm (D:2)
  3 dart slugs
  2 orcs (D:3)
  4 ball pythons
  8 endoplasms
  3 giant cockroaches
  2 gnoll zombies (Ossuary)
  8 goblins
  3 hobgoblins
  2 jackals (D:5)
  5 kobolds
  2 quokkas (D:2)
  4 bats
  5 frilled lizards
  3 hobgoblin zombies
  A jackal zombie (Ossuary)
  8 rats
  3 rat zombies (Ossuary)
99 creatures vanquished.

Notes
Turn   | Place    | Note
-------+----------+-------------------------------------------
     0 | D:1      | djent the Human Air Elementalist began the quest for the
                  | Orb.
     0 | D:1      | Reached XP level 1. HP: 13/13 MP: 3/3
   121 | D:1      | it's ogre
   225 | D:1      | Found Haciv's Assorted Antiques.
   244 | D:1      | Reached XP level 2. HP: 18/19 MP: 3/5
   440 | D:1      | Learned a level 2 spell: Static Discharge
   860 | D:2      | Reached XP level 3. HP: 24/24 MP: 2/6
  1045 | D:2      | Reached skill level 2 in Conjurations
  1079 | D:2      | Found a faded altar of an unknown god.
  1417 | D:2      | You fall into a shaft and drop 2 floors!
  1418 | D:4      | thanks devs!!!!
  1418 | D:4      | very cool
  1467 | D:4      | Noticed Eustachio
  1816 | D:2      | Reached XP level 4. HP: 30/30 MP: 2/7
  2475 | D:3      | Found an iron altar of Okawaru.
  2710 | D:3      | Found a bloodstained altar of Trog.
  2850 | D:4      | Identified the ring of Vonem {Fire rElec Dex+2 Stlth+}
  2884 | D:4      | Reached skill level 3 in Conjurations
  2884 | D:4      | Reached XP level 5. HP: 30/35 MP: 1/9
  3527 | D:5      | Entered Level 5 of the Dungeon
  3556 | D:5      | Reached XP level 6. HP: 41/41 MP: 3/10
  3563 | D:5      | Found a glowing golden altar of the Shining One.
  3573 | D:5      | Found Ajenoxta's Antique Weapon Shoppe.
  3590 | D:5      | Noticed Duvessa
  3590 | D:5      | Noticed Dowan
  3654 | D:5      | Reached skill level 4 in Conjurations
  3733 | D:5      | Found a sand-covered staircase.
  3739 | Ossuary  | Entered an ossuary
  3783 | Ossuary  | Reached XP level 7. HP: 26/46 MP: 5/12
  3830 | Ossuary  | cool play
  3987 | Ossuary  | 4 curing, 1 haste. worth
  4269 | D:5      | Found a blossoming altar of Fedhas.
  4394 | D:5      | Reached skill level 5 in Conjurations
  4409 | D:5      | Found a sacrificial altar of Ru.
  4470 | D:5      | Found a white marble altar of Elyvilon.
  4470 | D:5      | Noticed Blork the orc
  4479 | D:5      | Killed Blork the orc
  4677 | D:5      | Found Cyzagou's Self-Published Books.
  4892 | D:5      | Noticed Ijyb
  4932 | D:5      | Mangled by an ogre

Illustrated notes

######## #### #......#
##...##
#.##.#.###.......
#.##....@.....#
#######.####.##S###.#
#.......####.##K# #
#.####.......#..##.88.
#.####..######.....88.#
#.##....##...>...##K.#.
#......###.......# .##
...#### #.##.#.#
#.......###... ......
#......#
#............#.#....


Turn 121 on D:1: it's ogre ###### #@...# #....# #........ #........ #........
#........ >....#+## .....# Turn 1418 on D:4: thanks devs!!!! ................
...............# ...............## ................. .................
................. ................. .......∩∩@....... .................
................. ................. ...............## ...............#
................. ................. Turn 3830 on Ossuary: cool play
#..##.............. #..#............... #.................. #.....##...........
#.....##........... #.................. #.................. #'##........
#.@#........ #..#........ ############ Turn 3987 on Ossuary: 4 curing, 1 haste.
worth

Levels and vault maps discovered:
D:1:      minmay_arrival_jagged, layout_loops_cross, serial_shops, shop,
          minmay_heptomino_o4
D:2:      minmay_skewed_foursquare, layout_loops_ring,
          hellmonk_ecumenical_altar_leap_of_faith
D:3:      layout_loops_cross, lightli_temple_of_fire, lemuel_crystal_altar,
          dreamdust_princess_corridor, minmay_shallow_snake_nest
D:4:      layout_gridville, uniq_eustachio
D:5:      layout_cave_pods, fedhas_altar_2, mainiacjoe_overflow_paths,
          mainiacjoe_overflow_catch_the_wave, nicolae_ossuary_entry_giza,
          serial_shops, nicolae_shop_overgrown_old_shop, grunt_ministairs_13,
          nicolae_custom_books, uniq_blork_the_orc, uniq_ijyb, uniq_duvessa

Skill      XL: |  1  2  3  4  5  6  7 |
---------------+----------------------+-----
Conjurations   | 2 3 4 5 |  5.5
Stealth        | 3 4 |  4.6
Spellcasting   | 3 |  3.9
Air Magic      | 4 |  4.8
Dodging        | |  2.0

Action                     |  1- 3 |  4- 6 |  7- 9 || total
---------------------------+-------+-------+-------++-------
  Melee: Dagger            |    36 |    58 |    39 ||   133
         Short sword       |    17 |       |       ||    17
         Punch             |     1 |     2 |       ||     3
         Quarterstaff      |       |    15 |       ||    15
  Throw: Boomerang         |       |     4 |       ||     4
   Cast: Shock             |    49 |    21 |    12 ||    82
         Static Discharge  |     1 |    22 |    30 ||    53
    Use: Scroll            |       |     6 |       ||     6
         Potion            |       |     1 |     1 ||     2
   Stab: Sleeping          |     6 |     2 |     3 ||    11
 Armour: Robe              |    29 |    97 |    64 ||   190
  Dodge: Dodged            |    43 |    94 |    18 ||   155

Table legend: (Time is in decaauts)
 A = Elapsed time spent in this place.
 B = Non-inter-level travel time spent in this place.
 C = Inter-level travel time spent in this place.
 D = Time resting spent in this place.
 E = Time spent auto-exploring this place.
 F = Levels seen in this place.
 G = Mean time per level.
                   A        B        C        D        E       F      G
               +--------+--------+--------+--------+--------+-----+--------+
         Total |   4902 |   4716 |    186 |    707 |   2196 |   6 |  817.0 |
       Dungeon |   4593 |   4407 |    186 |    580 |   2196 |   5 |  918.6 |
       Ossuary |    308 |    308 |      0 |    127 |      0 |   1 |  308.0 |
               +--------+--------+--------+--------+--------+-----+--------+

Top non-repeatable levels by time:
     D:2: 1290 daAuts
     D:5: 1075 daAuts
     D:4: 848 daAuts
     D:1: 764 daAuts
     D:3: 615 daAuts
 Ossuary: 308 daAuts
